 Dungeon Crawl Stone Soup version 0.31-a0-222-gefeffbb62a (webtiles) character file.

Game seed: 6380234244276603632

76 qw the Shooter (level 4, -1/26 HPs)
             Began as a Gargoyle Hexslinger on July 4, 2023.
             Was an Initiate of Okawaru.
             Slain by a lemure (3 damage)
             ... led by Pikel
             ... on level 4 of the Dungeon.
             The game lasted 00:00:54 (2892 turns).

qw the Shooter (Gargoyle Hexslinger)                Turns: 2892, Time: 00:00:54

Health: -1/26      AC: 13    Str: 11    XL:     4   Next: 32%
Magic:  5/5        EV: 10    Int: 14    God:    Okawaru [......]
Gold:   90         SH:  0    Dex: 14    Spells: 4/5 levels left

rFire   . . .        b - +1 sling (heavy)
rCold   . . .        (no shield)
rNeg    + . .        c - +0 ring mail
rPois   inf          a - +1 hat
rElec   +            g - +2 cloak
rCorr   .            (no gloves)
SInv    .            d - +0 pair of boots
Will    .....        e - amulet of faith
Stlth   +            (no ring)
HPRegen 0.24/turn    (no ring)
MPRegen 0.09/turn

%: faith
@: about to teleport
A: sickness immunity, AC +3, negative energy resistance 1, electricity
resistance, torment resistance 1, petrification resistance
a: Renounce Religion


You were on level 4 of the Dungeon.
You worshipped Okawaru.
Okawaru was noncommittal.
You visited 1 branch of the dungeon, and saw 4 of its levels.

You collected 155 gold pieces.
You spent 65 gold pieces at shops.


Innate Abilities, Weirdness & Mutations

You are immune to sickness and miasma.
Your stone body is resilient. (AC +3)
You are immune to poison.
You resist negative energy. (rN+)
You are resistant to electric shocks. (rElec)
You are resistant to unholy torment.
You are immune to petrification.


   Skills:
 - Level 2.0 Fighting
 - Level 4.0 Ranged Weapons
 + Level 0.5 Armour
 - Level 1.5 Dodging
 - Level 1.0 Spellcasting
 - Level 2.6 Hexes


You had 4 spell levels left.
You knew the following spells:

 Your Spells              Type           Power      Damage    Failure   Level
a - Slow                  Hex            32%        N/A       22%         1

Your spell library contained the following spells:

 Spells                   Type           Power      Damage    Failure   Level
 Inner Flame              Hex/Fire       4%         N/A       73%         3
 Portal Projectile        Hex/Tloc       8%         N/A       73%         3
 Cause Fear               Hex            4%         N/A       91%         4

Inventory:

Hand Weapons
 b - a +1 heavy sling (weapon)
Armour
 a - a +1 hat (worn)
 c - a +0 ring mail (worn)
 d - a +0 pair of boots (worn)
 g - a +2 cloak (worn)
Jewellery
 e - an amulet of faith (around neck)
 h - a ring of protection from fire
Scrolls
 k - 2 scrolls of identify
 m - a scroll of torment {unknown}
Potions
 f - 2 potions of curing
 i - a potion of enlightenment
 j - a potion of cancellation {unknown}

Dungeon Overview and Level Annotations

Branches:
Dungeon (4/15)
 Temple: D:4-7

Altars:
Cheibriados
Okawaru
Yredelemnul

Shops:
D:3 *

Annotations:
D:4 Pikel


Message History

You shoot a sling bullet.
The sling bullet hits the lemure but does no damage.
The lemure is severely wounded.
The lemure barely misses you. The lemure hits you but does no damage.
A lemure comes into view.
The lemure hits you but does no damage. The lemure hits you.
You shoot a sling bullet. The lemure shouts!
The sling bullet hits the lemure but does no damage.
The lemure is severely wounded.
The lemure hits you.
The lemure hits you but does no damage. x2
The lemure closely misses you.
You shoot a sling bullet. The sling bullet hits the lemure.
The lemure is almost dead.
The lemure misses you. The lemure hits you.
You shoot a sling bullet.
The sling bullet barely misses the lemure.
The lemure hits you but does no damage.
Pikel hits you with a +2 whip of flaming.
Pikel burns you. The lemure hits you but does no damage.
Pikel hits you but does no damage. The lemure hits you but does no damage.
You shoot a sling bullet.
The sling bullet barely misses the lemure.
The lemure hits you but does no damage. Pikel hits you but does no damage.
The lemure misses you. The lemure hits you but does no damage.
Pikel hits you but does no damage. The lemure hits you.
You shoot a sling bullet. The sling bullet hits the lemure.
You kill the lemure!
That felt strangely unrewarding.
Pikel closely misses you. The lemure hits you. Pikel closely misses you.
The lemure closely misses you. The lemure hits you.
2891 ||| READING scroll of teleportation.
As you read the scroll of teleportation, it crumbles to dust.
You feel strangely unstable.
The lemure hits you but does no damage. x2; Pikel hits you but does no damage.
You shoot a sling bullet. The sling bullet hits Pikel.
Pikel is lightly wounded.
The lemure hits you but does no damage. Pikel hits you but does no damage.
The lemure hits you but does no damage. The lemure hits you.
You die...

#.##......##'###..............
##)#................###########
#..#................#
#..#................#
#..#)...............#
#..'................#
#'##................#
##..#.....#####'##'###..
....#.....#.....@K......
....#.....#.....55......
....#.....#.............
....'.....#.............
#####.....##############
#######


You could see Pikel and 2 lemures.

Vanquished Creatures
  2 lemures (D:4)
  3 adders
  2 worms (D:2)
  2 orcs
  6 endoplasms
  3 giant cockroaches
  8 goblins
  3 hobgoblins
  2 quokkas (D:2)
  A ball python (D:1)
  4 kobolds
  4 rats
40 creatures vanquished.

Notes
Turn   | Place    | Note
-------+----------+-------------------------------------------
     0 | D:1      | qw the Gargoyle Hexslinger began the quest for the Orb.
     0 | D:1      | Reached XP level 1. HP: 12/12 MP: 2/2
     0 | D:1      | 0 ||| qw: Version: 0.3-a-46-gb1f654a
     0 | D:1      | 0 ||| qw: Game counter: 939
     0 | D:1      | 0 ||| qw: Melee chars always use a shield: true
     0 | D:1      | 0 ||| qw: God list: Okawaru
     0 | D:1      | 0 ||| qw: Allow faded altars: false
     0 | D:1      | 0 ||| qw: Do Orc after clearing Dungeon:15 true
     0 | D:1      | 0 ||| qw: Do second Lair branch before Depths: true
     0 | D:1      | 0 ||| qw: Lair rune preference: random
     0 | D:1      | 0 ||| qw: Goals: Normal
     0 | D:1      | 0 ||| PLANNING D:1-11
   143 | D:1      | 143 ||| UPGRADING to +2 cloak.
   159 | D:1      | Reached XP level 2. HP: 15/16 MP: 3/3
   159 | D:1      | 159 ||| READING 3 scrolls labelled VUETZAXE QOEC.
   160 | D:1      | 160 ||| DROPPING 2 scrolls of silence.
   161 | D:1      | 161 ||| DROPPING scroll of poison.
   692 | D:1      | 692 ||| UPGRADING to +1 hat.
   697 | D:1      | 697 ||| READING scroll labelled OBIV DIDWIEPA.
   698 | D:1      | 698 ||| READING scroll labelled KAREZI BAIGE.
   699 | D:1      | 699 ||| READING scroll labelled EHEKHL BETAFUEMU.
   700 | D:1      | 700 ||| READING 3 scrolls labelled MUNUANW ENUE.
   701 | D:1      | 701 ||| DRINKING 2 bubbling black potions.
   702 | D:1      | 702 ||| DROPPING 2 scrolls of fog.
   775 | D:2      | Reached skill level 3 in Ranged Weapons
  1091 | D:2      | Reached XP level 3. HP: 21/21 MP: 4/4
  1582 | D:2      | 1582 ||| UPGRADING to +0 pair of boots.
  1587 | D:2      | 1587 ||| UPGRADING to +0 leather armour.
  1597 | D:2      | 1597 ||| DROPPING +0 robe.
  1598 | D:2      | 1598 ||| READING scroll labelled JIASUGR ARUR.
  1599 | D:2      | 1599 ||| READING scroll labelled TITTEO ZINOM.
  1626 | D:3      | Found a snail-covered altar of Cheibriados.
  1796 | D:3      | Identified the +9 hand axe of Emywkeoh {elec, Str+4}
  2023 | D:3      | Identified the +1 dagger of Circular Logic {heavy, Will+
                  | Str-3 Int+2 Dex+2}
  2026 | D:3      | Found a basalt altar of Yredelemnul.
  2131 | D:3      | Reached XP level 4. HP: 26/26 MP: 5/5
  2143 | D:3      | Found Enuzog's General Store.
  2148 | D:3      | 2148 ||| SHOPLISTING +6 ring of dexterity (468 gold, have
                  | 134).
  2148 | D:3      | 2148 ||| BUYING scroll of identify (26 gold).
  2148 | D:3      | Bought a scroll of identify for 26 gold pieces
  2148 | D:3      | 2148 ||| BUYING scroll of teleportation (39 gold).
  2148 | D:3      | Bought a scroll of teleportation for 39 gold pieces
  2289 | D:3      | Reached skill level 4 in Ranged Weapons
  2348 | D:3      | Found an iron altar of Okawaru.
  2349 | D:3      | 2349 ||| PLANNING OKAWARU WORSHIP
  2349 | D:3      | 2349 ||| UPGRADING to +0 ring mail.
  2359 | D:3      | 2359 ||| DROPPING +0 leather armour.
  2360 | D:3      | 2360 ||| UPGRADING to amulet of faith.
  2365 | D:3      | 2365 ||| READING scroll labelled VUIVIS ZOMAGRE.
  2366 | D:3      | 2366 ||| READING scroll labelled JAOPSA OLUEPH.
  2367 | D:3      | 2367 ||| READING scroll labelled EFAPTA DULOEM.
  2370 | D:3      | Became a worshipper of Warmaster Okawaru
  2371 | D:3      | 2371 ||| PLANNING D:1-11
  2578 | D:3      | 2578 ||| READING 2 scrolls of identify.
  2578 | D:3      | 2578 ||| IDENTIFYING murky sapphire potion
  2872 | D:4      | Noticed a lemure
  2877 | D:4      | Noticed a lemure
  2878 | D:4      | Killed a lemure
  2878 | D:4      | Noticed a lemure
  2884 | D:4      | Noticed Pikel
  2885 | D:4      | Noticed a lemure
  2890 | D:4      | Killed a lemure
  2890 | D:4      | HP: 5/26 [lemure[Pikel] (3)]
  2890 | D:4      | HP: 2/26 [lemure[Pikel] (3)]
  2891 | D:4      | 2891 ||| READING scroll of teleportation.
  2892 | D:4      | Slain by a lemure

Levels and vault maps discovered:
D:1:      erik_arrival_blinker_ship, layout_rooms, serial_bayou,
          serial_bayou_crossing, serial_bayou_pond_c, serial_bayou_ford_a,
          serial_bayou_pond_d, serial_bayou_lagoon_a
D:2:      layout_basic
D:3:      layout_loops_corners, mainiacjoe_overflow_alcove_4,
          mainiacjoe_overflow_catwalk, okawaru_trees_2, serial_forest,
          infiniplex_forest_diagonal, infiniplex_forest_clump_diagonal,
          infiniplex_forest_join, infiniplex_forest_end_2,
          infiniplex_forest_zigzag_1, infiniplex_forest_clump_small,
          infiniplex_forest_straight_2, infiniplex_forest_corner_1,
          infiniplex_forest_end_3, serial_shops, nicolae_shop_hallway_stairs,
          grunt_decor_cap
D:4:      layout_gridville, uniq_pikel

Skill      XL: |  1  2  3  4 |
---------------+-------------+-----
Ranged Weapons | 3 4 |  4.0
Fighting       | 2 |  2.0
Armour         | |  0.5
Dodging        | |  1.5
Spellcasting   | |  1.0
Hexes          | |  2.6

Action                     |  1- 3 |  4- 6 || total
---------------------------+-------+-------++-------
   Fire: Sling             |   116 |    46 ||   162
    Use: Scroll            |     7 |     5 ||    12
         Potion            |     1 |       ||     1
 Armour: Robe              |    11 |       ||    11
         Leather armour    |     7 |     1 ||     8
         Ring mail         |       |    36 ||    36
  Dodge: Dodged            |    29 |    29 ||    58

Table legend:
 A = Non-vault XP
 B = Vault XP
 C = Vault XP percentage of total XP
 D = Non-vault monster count
 E = Vault monster count
 F = Vault count percentage of total count
                 A         B        C        D         E       F
            +---------+---------+-------+---------+---------+-------
      Total |     109 |       0 |   0.0 |      38 |       0 |   0.0
            +---------+---------+-------+---------+---------+-------
        D:1 |      16 |       0 |   0.0 |      11 |       0 |   0.0
        D:2 |      46 |       0 |   0.0 |      16 |       0 |   0.0
        D:3 |      38 |       0 |   0.0 |       7 |       0 |   0.0
        D:4 |       9 |       0 |   0.0 |       4 |       0 |   0.0
            +---------+---------+-------+---------+---------+-------
